AoeStats
← Bohdad

Golden Pit

508028362Analyzed
1v1 RM · 28d ago on Sep 20, 2026· 52m 59s· 2 players
Game mode
Random Map
Map size
Tiny (2 player)
Population
200
Speed
Normal
Resources
Standard
Victory
Conquest
Starting age
Dark Age
Ending age
Imperial Age
RankedLock teamsTeams togetherTeam positionsShared explorationLock speedFull tech treeHidden civsTurbo modeCheats
Victory
Defeat
🇺🇦 Britons · Ukraine
555
+15
vs
🇨🇴 Turks · Colombia
535
-15
David19913038
10:50 Feudal Age
11:26 Double-Bit Axe
11:24 Horse Collar
15:19 Town Watch
15:23 Loom
24:19 Castle Age
23:13 Gold Mining
23:17 Stone Mining
25:04 Man-at-Arms
26:45 Gold Shaft Mining
26:25 Bow Saw
29:44 Ballistics
29:20 Murder Holes
29:56 Fletching
31:40 Long Swordsman
32:21 Squires
32:07 Arson
36:34 Scale Mail Armor
37:05 Husbandry
37:17 Bloodlines
Bohdad
9:50 Feudal Age
11:06 Wheelbarrow
10:17 Double-Bit Axe
12:16 Horse Collar
12:41 Gold Mining
18:56 Loom
22:11 Castle Age
20:32 Fletching
21:40 Forging
22:02 Stone Mining
23:05 Bow Saw
23:04 Heavy Plow
24:33 Gold Shaft Mining
25:08 Pikeman
25:13 Crossbowman
25:59 Bodkin Arrow
33:00 Imperial Age
32:08 Padded Archer Armor
32:46 Scale Mail Armor
33:06 Leather Archer Armor
33:48 Bracer
34:24 Ballistics
35:06 Chemistry
33:31 Elite Skirmisher
34:44 Hand Cart
35:21 Town Watch
37:00 Two-Man Saw
37:49 Conscription
37:57 Conscription
38:13 Town Patrol
40:15 Iron Casting
42:09 Blast Furnace
43:11 Yeomen
48:19 Ring Archer Armor
Connection lost

Rejoining the realm…

Still unreachable

The connection could not be restored.

Session expired

The server has moved on; the page needs a fresh start.